 Dungeon Crawl Stone Soup version 0.30-a0-702-gdf48620a09 (webtiles) character file.

Game seed: 320385549653881569

20360 Leeroy the Nimble (level 12, -1/71 HPs)
             Began as a Tengu Warper on Jan 21, 2023.
             Was a Priest of Uskayaw.
             Slain by a large slime creature (29 damage)
             ... on level 12 of the Dungeon.
             The game lasted 01:00:56 (19207 turns).

Leeroy the Nimble (Tengu Warper)                   Turns: 19207, Time: 01:00:56

Health: -1/71      AC: 16    Str: 13    XL:     12   Next: 78%
Magic:  19/20      EV: 16    Int: 20    God:    Uskayaw [***...]
Gold:   653        SH:  9    Dex: 17    Spells: 5/21 levels left

rFire   + + .      SeeInvis .    n - +0 scimitar (flame)
rCold   . . .      Faith    +    O - +2 buckler {rC+}
rNeg    . . .      Spirit   .    X - +3 fire dragon scales
rPois   +          Reflect  .    (helmet restricted)
rElec   .          Harm     .    V - +0 cloak
rCorr   .          Rampage  .    (no gloves)
Will    .....                    (boots unavailable) Stlth
                                 r - amulet of faith
HPRegen 0.31/turn                i - +6 ring of intelligence
MPRegen 0.17/turn                j - ring of poison resistance

@: marked, flying quickly and evasively, studying Shields, quick
A: beak, talons 3, nimble flight
a: Renounce Religion, Stomp, Line Pass


You were on level 12 of the Dungeon.
You worshipped Uskayaw.
Uskayaw was noncommittal.
You visited 3 branches of the dungeon, and saw 15 of its levels.
You also visited: Sewer and Bailey.

You collected 1199 gold pieces.
You spent 546 gold pieces at shops.

Inventory:

Hand Weapons
 h - a +1 dagger of speed
 n - a +0 scimitar of flaming (weapon)
 u - a +4 great sword of draining
 T - a +0 scimitar
 Y - a +4 dagger of venom
Missiles
 a - 18 boomerangs
 d - 7 boomerangs of dispersal
 t - 7 throwing nets
 L - 5 javelins
 P - 24 poisoned darts (quivered)
 Z - 3 curare-tipped darts
Armour
 E - a +0 troll leather armour {Pargi}
 O - a +2 buckler of cold resistance (worn)
 V - a +0 cloak (worn)
 X - +3 fire dragon scales (worn)
Magical Staves
 A - a staff of death
 B - a staff of air
 G - a staff of earth
Jewellery
 i - a +6 ring of intelligence (left hand)
 j - a ring of poison resistance (right hand)
 q - a +6 ring of strength
 r - an amulet of faith (around neck)
 F - a ring of ice
Wands
 g - a wand of polymorph (4)
 y - a wand of quicksilver (3)
 D - a wand of flame (10)
Scrolls
 e - 9 scrolls of teleportation
 p - a scroll of noise
 s - 2 scrolls of silence
 v - 2 scrolls of poison
 w - 2 scrolls of fear {unknown}
 x - 2 scrolls of magic mapping {unknown}
 C - 2 scrolls of summoning {unknown}
 H - a scroll of torment {unknown}
 M - 2 scrolls of acquirement {unknown}
 N - 4 scrolls of amnesia {unknown}
 Q - a scroll of immolation {unknown}
 S - a scroll of vulnerability {unknown}
 W - a scroll of enchant weapon {unknown}
Potions
 b - 5 potions of magic
 f - a potion of lignification {unknown}
 k - a potion of mutation {unknown}
 m - a potion of might
 o - 3 potions of ambrosia {unknown}
 z - 2 potions of degeneration {unknown}
 I - 3 potions of resistance {unknown}
 J - 2 potions of invisibility {unknown}
 K - 2 potions of attraction {unknown}
 R - 6 potions of haste {unknown}
 U - a potion of curing


   Skills:
 - Level 6.4 Fighting
 - Level 8.3 Long Blades
 - Level 1.0 Throwing
 + Level 10.1 Armour
 - Level 12.1 Dodging
 - Level 10.7 Shields
 - Level 5.0 Spellcasting
 - Level 5.4 Translocations
 - Level 5.2 Air Magic
 - Level 3.2 Invocations


You had 5 spell levels left.
You knew the following spells:

 Your Spells              Type           Power      Damage    Failure   Level
a - Blink                 Tloc           52%        N/A       11%         2
b - Vhi's Electric Charg  Tloc/Air       52%        N/A       22%         3
c - Manifold Assault      Tloc           26%        N/A       56%         4
d - Mephitic Cloud        Conj/Pois/Air  12%        N/A       67%         3
e - Airstrike             Air            12%        2d(2-18)  58%         4

Your spell library contained the following spells:

 Spells                   Type           Power      Damage    Failure   Level
 Lesser Beckoning         Tloc           52%        N/A       11%         2
 Gell's Gravitas          Tloc           26%        N/A       21%         3
 Teleport Other           Tloc           26%        N/A       21%         3
 Momentum Strike          Conj/Tloc      30%        3d8       32%         2
 Beastly Appendage        Tmut           10%        N/A       54%         1
 Magic Dart               Conj           20%        1d4       54%         1
 Call Imp                 Summ           5%         N/A       67%         2
 Wereblood                Tmut           5%         N/A       67%         2
 Frozen Ramparts          Ice            10%        1d2       88%         3
 Spider Form              Tmut/Pois      5%         N/A       88%         3
 Stone Arrow              Conj/Erth      10%        3d7       88%         3
 Summon Lightning Spire   Summ/Air       15%        N/A       91%         4
 Animate Armour           Summ/Erth      10%        N/A       99%         4
 Cause Fear               Hex            2%         N/A       99%         4
 Ice Form                 Ice/Tmut       5%         N/A       99%         4
 Summon Ice Beast         Ice/Summ       5%         N/A       99%         4
 Lightning Bolt           Conj/Air       7%         1d20      99%         5
 Dispersal                Tloc           13%        N/A       100%        6
 Dragon Form              Tmut           2%         N/A       100%        7
 Borgnjor's Revivificati  Necr           2%         N/A       100%        8
 Lehudib's Crystal Spear  Conj/Erth      2%         10d2      100%        8
 Necromutation            Tmut/Necr      2%         N/A       100%        8
 Death's Door             Necr           2%         N/A       100%        9
 Dragon's Call            Summ           2%         N/A       100%        9


Dungeon Overview and Level Annotations

Branches:
Dungeon (12/15)            Temple (1/1) D:6            Lair (0/5) D:11
    Orc (2/2) D:9             Elf (0/3) Orc:2         Sewer (visited)
 Bailey (visited)

Altars:
Ashenzari
Cheibriados
Dithmenos
Elyvilon
Fedhas
Gozag
Hepliaklqana
Kikubaaqudgha
Makhleb
Nemelex Xobeh
Okawaru
Qazlal
Ru
Sif Muna
Trog
Uskayaw
Vehumet
Wu Jian
Xom
Yredelemnul
Zin
The Shining One

Shops:
D:6 [   D:7 (   D:10 [   D:12 [   Orc:1 (   Orc:2 [*

Annotations:
Orc:2 Urug


Innate Abilities, Weirdness & Mutations

You have a beak for a mouth.
You have claws for feet.
Your magical nature lets you fly swiftly and evasively.


Message History

Confirm with . or Enter, or press ? or * to list all spells.
You blink.
You slash the large slime creature! You burn the large slime creature.
You claw the large slime creature.
You peck the large slime creature, but do no damage.
The large slime creature is heavily wounded.
The troll completely misses you. The troll claws you.
You block the troll's attack.
You block the large slime creature's attack.
A wraith comes into view.
You feel stable enough to blink again.
Two slime creatures merge to form a large slime creature.
Uskayaw links your audience in an emotional bond!
The troll shouts!
The centaur warrior shouts!
You hear a horrible gurgling sound!
The wraith hits you but does no damage.
You hear a shout!
An orc wizard and an orc come into view.
Found 23 gold pieces.
The orc wizard shouts!
The orc shouts!
The orc wizard points at you and mumbles some strange words.
The magic dart hits you!
You can no longer merge with and destroy a victim.
The troll is no longer sharing its pain.
The troll pulls the alarm!
The alarm trap emits a blaring wail!
A sentinel's mark forms upon you. You block the wraith's attack.
You hear a shout! x4
The wraith is no longer sharing its pain.
The large slime creature is no longer sharing its pain.
The troll closely misses you. The troll barely misses you.
You block the troll's attack.
The orc wizard casts a spell.
The orc wizard flickers and vanishes!
Deactivating autopickup; reactivate with Ctrl-A.
There is an escape hatch in the floor here.
The wraith misses you. The troll barely misses you. The troll claws you!
You block the troll's attack. The large slime creature hits you!!
You die...

########.....J#?.......##
##.....#.....########....###
##...........J.## #.##...J
#.<3......).....# #.######
#...............# ..#
#...............# .!##
#...............# ..#
#...^.......JT..# #.#
##..........@W..# #.
##.....#.....#....$..o
#############.#.##### #.#.#
#.# # #.# #T #.. c# ### #


You could see a large slime creature, a slime creature, a troll and a wraith.

Vanquished Creatures
  Josephine (D:11)
  Harold (Orc:1)
  A two-headed ogre (D:10)
  Erica (D:11)
  2 cyclopes (D:11)
  An orc knight (Bailey)
  2 orc sorcerers (Orc:2)
  Maurice (Orc:1)
  A gargoyle (D:12)
  7 slime creatures
  An unseen horror (D:11)
  4 kobold demonologists
  A komodo dragon (D:10)
  4 trolls
  Grinder (D:6)
  3 shadows
  5 wyverns
  A vampire (D:9)
  6 wraiths
  17 yaks
  A steam dragon (D:10)
  Edmund (D:6)
  A warg (Orc:1)
  3 acid dragons
  2 water moccasins
  Pargi (Sewer)
  15 orc warriors
  2 ice beasts (D:6)
  A sky beast (D:6)
  An ogre (Orc:1)
  6 centaurs
  A phantom (D:5)
  2 bullfrogs
  6 kobold brigands
  4 scorpions
  10 wights
  11 killer bees
  8 howler monkeys
  2 jellies (D:6)
  9 orc priests
  5 hounds
  Natasha (thrice) (D:2)
  An iguana (D:7)
  20 orc wizards
  11 gnolls
  7 adders
  2 ufetubi (D:5)
  3 worms
  3 dart slugs
  75 orcs
  6 endoplasms
  3 giant cockroaches
  10 goblins
  8 hobgoblins
  11 jackals
  5 quokkas
  3 training dummies (Orc:1)
  10 ball pythons
  4 bats
  7 frilled lizards
  17 kobolds
  3 rats
  A spectral orc (D:6)
366 creatures vanquished.

Vanquished Creatures (others)
  8 fungi (Orc:2)
  5 plants (D:4)
13 creatures vanquished.

Grand Total: 379 creatures vanquished

Notes
Turn   | Place    | Note
-------+----------+-------------------------------------------
     0 | D:1      | Leeroy the Tengu Warper began the quest for the Orb.
     0 | D:1      | Reached XP level 1. HP: 12/12 MP: 4/4
   254 | D:1      | Reached XP level 2. HP: 16/17 MP: 6/6
   285 | D:1      | Learned a level 2 spell: Blink
   625 | D:2      | Reached XP level 3. HP: 21/21 MP: 7/7
   764 | D:2      | Noticed Natasha
   774 | D:2      | Killed Natasha
   775 | D:2      | Reached XP level 4. HP: 22/26 MP: 8/8
   834 | D:2      | Reached skill level 5 in Long Blades
   838 | D:2      | Learned a level 3 spell: Vhi's Electric Charge
  1095 | D:2      | Noticed Natasha
  1108 | D:2      | Killed Natasha
  1109 | D:2      | Reached skill level 1 in Air Magic
  1169 | D:2      | Noticed Natasha
  1179 | D:2      | Killed Natasha
  1180 | D:2      | Gained mutation: Your magical nature lets you fly swiftly
                  | and evasively. [Tengu growth]
  1180 | D:2      | Reached XP level 5. HP: 10/30 MP: 6/9
  1884 | D:3      | Found an ornate altar of the Wu Jian Council.
  1947 | D:3      | You are sucked into a shaft and drop 3 floors!
  1954 | D:6      | Found Qegybeeh's Armour Boutique.
  1956 | D:6      | Noticed a centaur
  1968 | D:6      | Killed a centaur
  1969 | D:6      | Reached XP level 6. HP: 30/35 MP: 9/11
  2159 | D:6      | Found a staircase to the Ecumenical Temple.
  2177 | Temple   | Entered the Ecumenical Temple
  2222 | Temple   | Became a worshipper of Uskayaw the Reveller
  2269 | D:6      | Found a glowing drain.
  2276 | D:6      | Reached * piety under Uskayaw
  2287 | Sewer    | Entered a sewer
  2411 | Sewer    | Noticed Pargi
  2459 | Sewer    | Killed Pargi
  2460 | Sewer    | Reached skill level 5 in Air Magic
  2616 | D:6      | Noticed Grinder
  2631 | D:6      | Noticed Edmund
  2633 | D:5      | Entered Level 5 of the Dungeon
  2636 | D:5      | Reached ** piety under Uskayaw
  2640 | D:5      | Reached *** piety under Uskayaw
  2675 | D:5      | Reached XP level 7. HP: 39/40 MP: 13/13
  2678 | D:5      | Reached **** piety under Uskayaw
  2684 | D:5      | Reached ***** piety under Uskayaw
  2759 | D:4      | Learned a level 4 spell: Manifold Assault
  2912 | D:4      | Reached skill level 5 in Spellcasting
  2978 | D:4      | Found a shadowy altar of Dithmenos.
  3115 | D:4      | Found an ancient bone altar of Kikubaaqudgha.
  3812 | D:5      | Found a large runed translucent door.
  3821 | D:5      | Found a large runed translucent door.
  3845 | D:5      | Noticed a wyvern
  3852 | D:5      | Killed a wyvern
  3853 | D:5      | Reached XP level 8. HP: 30/44 MP: 12/16
  4013 | D:5      | Found a sacrificial altar of Ru.
  4033 | D:5      | Found an iron altar of Okawaru.
  4149 | D:6      | Bought a +2 buckler of cold resistance for 236 gold pieces
  4182 | D:6      | Found a basalt altar of Yredelemnul.
  4311 | D:6      | Killed Edmund
  4372 | D:6      | Paralysed by Grinder for 3 turns
  4403 | D:6      | Killed Grinder
  4404 | D:6      | Reached skill level 5 in Shields
  4584 | D:6      | Reached XP level 9. HP: 48/48 MP: 13/17
  5196 | D:6      | Reached skill level 5 in Translocations
  5234 | D:6      | Learned a level 3 spell: Mephitic Cloud
  5497 | D:7      | Found Juxakuf's Weapon Shop.
  5956 | D:8      | Noticed a kobold demonologist
  5964 | D:8      | Killed a kobold demonologist
  5965 | D:8      | Reached skill level 10 in Shields
  5965 | D:8      | Reached XP level 10. HP: 49/53 MP: 18/18
  6440 | D:8      | Reached ****** piety under Uskayaw
  6697 | D:8      | Reached skill level 5 in Armour
  7013 | D:8      | Found a snail-covered altar of Cheibriados.
  7355 | D:9      | Found a flagged portal.
  7385 | Bailey   | Entered a bailey
  7638 | Bailey   | Noticed an orc knight
  8312 | Bailey   | Killed an orc knight
  8849 | D:9      | Learned a level 4 spell: Airstrike
  8943 | D:9      | Found a staircase to the Orcish Mines.
  9015 | D:9      | Reached skill level 1 in Invocations
  9742 | D:10     | Entered Level 10 of the Dungeon
  9848 | D:10     | Reached XP level 11. HP: 6/60 MP: 16/19
 10132 | Orc:1    | Entered Level 1 of the Orcish Mines
 10132 | Orc:1    | Found Efeyl's Firing Range.
 11434 | Orc:1    | Noticed Maurice
 11819 | D:10     | Found a stormy altar of Qazlal.
 11848 | D:10     | Reached skill level 5 in Fighting
 12290 | D:10     | Noticed a two-headed ogre
 12352 | D:10     | Killed a two-headed ogre
 12397 | D:10     | Reached skill level 3 in Dodging
 12607 | D:10     | Reached skill level 4 in Dodging
 12804 | D:10     | Reached skill level 5 in Dodging
 13315 | D:10     | Reached skill level 6 in Dodging
 14024 | D:10     | Found Mwindo's Dragon-Slaying Spoils.
 14218 | D:11     | Reached skill level 7 in Dodging
 14642 | D:11     | Noticed a cyclops
 14776 | D:10     | Reached skill level 8 in Dodging
 15068 | D:11     | Killed a cyclops
 15221 | D:11     | Noticed Josephine
 15222 | D:11     | Noticed Erica
 15234 | D:11     | Killed Josephine
 15235 | D:11     | Reached skill level 9 in Dodging
 15235 | D:11     | Reached XP level 12. HP: 29/71 MP: 20/20
 15238 | D:11     | Killed Erica
 15559 | D:11     | Reached skill level 10 in Dodging
 16142 | D:12     | Found the +4 robe of Augmentation {Str+4 Int+4 Dex+4}
 16559 | Orc:1    | Killed Maurice
 16560 | Orc:1    | Reached skill level 11 in Dodging
 16779 | Orc:1    | Noticed Harold
 16796 | Orc:1    | Killed Harold
 17017 | Orc:1    | Bought a throwing net for 36 gold pieces
 17017 | Orc:1    | Bought a throwing net for 36 gold pieces
 17126 | Orc:2    | Entered Level 2 of the Orcish Mines
 17144 | Orc:2    | Noticed a soul eater
 17274 | Orc:2    | Noticed Urug
 17456 | Orc:2    | Found a staircase to the Elven Halls.
 17459 | Orc:2    | Found Akickotso's General Store.
 17503 | Orc:2    | Paralysed by an orc sorcerer for 2 turns
 17517 | Orc:2    | Bought a scroll of brand weapon for 133 gold pieces
 17523 | Orc:2    | Bought a scroll of enchant armour for 105 gold pieces
 17555 | Orc:2    | Reached skill level 12 in Dodging
 17737 | Orc:2    | Noticed an orc high priest
 17739 | Orc:2    | Noticed an orc warlord
 17744 | Orc:2    | Paralysed by an orc sorcerer for 4 turns
 17749 | Orc:2    | Noticed a soul eater
 18013 | Orc:2    | Noticed an orc high priest
 18014 | Orc:2    | Found Weanesh's Antique Armour Emporium.
 18293 | D:11     | Found a staircase to the Lair.
 18493 | D:12     | Found Peb Oppi's Armour Emporium.
 19182 | D:12     | Reached skill level 10 in Armour
 19202 | D:12     | Noticed a centaur warrior
 19207 | D:12     | Slain by a large slime creature

Illustrated notes

Levels and vault maps discovered:
D:1:      dpeg_arrival_snail, layout_basic, chequers_serial_rivers_room_b
D:2:      layout_rooms, uniq_natasha
D:3:      layout_rooms, nicolae_overflow_crystal_walls
D:4:      layout_cave_pools, mainiacjoe_overflow_alcove_4,
          nicolae_dithmenos_the_darkroom
D:5:      layout_basic, jmf_multi_god_temple2
D:6:      layout_rooms, yredelemnul_forgotten_temple_becter,
          minmay_temple_entry_enclosed_plants, portal_sewer_entry_d,
          serial_shops, shop, uniq_edmund, uniq_grinder
D:7:      layout_rooms, serial_shops, nicolae_lakefront_shop,
          kennysheep_generic_room_8
D:8:      layout_loops_cross, lemuel_crystal_altar, grunt_decor_resistance
D:9:      layout_basic, minmay_orc_entry_temple_small, enter_bailey_3
D:10:     layout_loops_ring, nicolae_qazlal_style_of_elements,
          nicolae_shop_dragon_depot, kennysheep_kite_vault
D:11:     layout_rooms, lair_entry_dummy, uniq_erica, uniq_josephine
D:12:     layout_rooms, serial_shops, nicolae_square_shop,
          hangedman_decor_opposing, onia_ninara_dug_in_and_dangerous,
          uniq_nessos
Temple:   nicolae_temple_two_arcs
Orc:1:    layout_diamond_mine, abandoned_shop, nicolae_shop_firing_range,
          uniq_maurice, uniq_harold
Orc:2:    grunt_orc_gardens, layout_caves, grunt_orc_garden, grunt_orc_garden,
          grunt_orc_garden, grunt_orc_garden, nicolae_orc_lava_tube,
          mines_bat_river, uniq_urug

Skill      XL: |  1  2  3  4  5  6  7  8  9 10 11 12 |
---------------+-------------------------------------+-----
Long Blades    | 3 4 5 6 7 8 |  8.3
Air Magic      | 2 4 5 |  5.2
Spellcasting   | 3 5 |  5.0
Shields        | 6 10 | 10.7
Translocations | 4 5 |  5.4
Armour         | 2 8 10 | 10.1
Invocations    | 3 |  3.2
Fighting       | 3 6 |  6.4
Dodging        | 9 12 | 12.1
Throwing       | |  1.0

Action                   |  1- 3 |  4- 6 |  7- 9 | 10-12 || total
-------------------------+-------+-------+-------+-------++-------
Melee: Falchion          |    72 |    97 |   219 |       ||   388
       Kick              |    16 |    38 |   104 |   315 ||   473
       Peck              |    10 |    15 |    63 |   191 ||   279
       Staff             |       |    17 |       |       ||    17
       Dagger            |       |    11 |    10 |       ||    21
       Punch             |       |     1 |     2 |       ||     3
       Scimitar          |       |       |    88 |   842 ||   930
       Great sword       |       |       |       |    18 ||    18
Throw: Dart              |       |     6 |     9 |    25 ||    40
       Boomerang         |       |     1 |       |       ||     1
       Javelin           |       |       |     3 |     1 ||     4
 Cast: Vhi's Electric Ch |       |     8 |    20 |    23 ||    51
       Blink             |       |       |     3 |     6 ||     9
       Mephitic Cloud    |       |       |     1 |     1 ||     2
Evoke: Wand              |       |     2 |     3 |    10 ||    15
  Use: Scroll            |       |     1 |       |    21 ||    22
       Potion            |       |       |       |    11 ||    11
 Stab: Sleeping          |     1 |     4 |     2 |       ||     7
       Paralysed         |       |     1 |    12 |    51 ||    64
       Confused          |       |       |     1 |     1 ||     2
Armor: Leather armour    |    13 |    15 |       |       ||    28
       Troll leather arm |       |     5 |    49 |       ||    54
       Fire dragon scale |       |       |       |   344 ||   344
Dodge: Dodged            |    52 |    96 |   135 |   410 ||   693
Block: Buckler           |       |       |    66 |   406 ||   472

Table legend: (Time is in decaauts)
 A = Elapsed time spent in this place.
 B = Non-inter-level travel time spent in this place.
 C = Inter-level travel time spent in this place.
 D = Time resting spent in this place.
 E = Time spent auto-exploring this place.
 F = Levels seen in this place.
 G = Mean time per level.
                   A        B        C        D        E       F      G
               +--------+--------+--------+--------+--------+-----+--------+
         Total |  18538 |  17336 |   1202 |   5052 |   7960 |  17 | 1090.5 |
       Dungeon |  15712 |  14617 |   1095 |   3991 |   7094 |  12 | 1309.3 |
        Temple |     52 |     52 |      0 |      0 |      4 |   1 |   52.0 |
  Orcish Mines |   1507 |   1400 |    107 |    550 |    503 |   2 |  753.5 |
         Sewer |    282 |    282 |      0 |     37 |     96 |   1 |  282.0 |
        Bailey |    982 |    982 |      0 |    473 |    261 |   1 |  982.0 |
               +--------+--------+--------+--------+--------+-----+--------+

Top non-repeatable levels by time:
     D:9: 3226 daAuts
    D:10: 2960 daAuts
     D:8: 2017 daAuts
    D:11: 1556 daAuts
     D:6: 1375 daAuts
   Orc:1: 1117 daAuts
  Bailey: 982 daAuts
     D:2: 917 daAuts
     D:5: 829 daAuts
     D:7: 663 daAuts
     D:4: 613 daAuts
     D:1: 587 daAuts
     D:3: 490 daAuts
    D:12: 474 daAuts
   Orc:2: 390 daAuts
